 Dungeon Crawl Stone Soup version 0.18-a0-1560-ge216ca8 (webtiles) character file.

70956 namelastname112 the Quickloader (level 14, -6/129 HPs)
             Began as a Purple Draconian Wanderer on Mar 12, 2016.
             Was the Champion of Dithmenos.
             Mangled by a salamander
             ... wielding a +0 trident
              (12 damage)
             ... in a volcano.
             The game lasted 00:52:37 (24349 turns).

namelastname112 the Quickloader (DrWn)             Turns: 24349, Time: 00:52:38

Health: -6/129     AC: 15    Str: 21    XL:     14   Next: 96%
Magic:  17/17      EV: 18    Int:  9    God:    Dithmenos [******]
Gold:   2197       SH:  0    Dex: 15    Spells: 0 memorised, 13 levels left

rFire  . . .     SeeInvis +     b - +9 rapier of the Many Ships {holy, rN+}
rCold  + + .     Gourm    .     (armour unavailable)
rNeg   + . .     Faith    +     (no shield)
rPois  .         Spirit   .     K - +1 hat {rC+}
rElec  +         Dismiss  .     k - +1 cloak
rCorr  .         Reflect  .     y - +0 pair of gloves {archery}
SustAt .         Harm     .     I - +0 pair of boots "Dodocuc" {rElec MR+ SInv}
MR     ++++.                    G - amulet of faith
Stlth  +++++.....               E - +2 ring of protection
                                l - ring of protection from cold

@: very slightly contaminated, wreathed by umbra, invisible, incredibly
resistant to hostile enchantments, quite stealthy
A: breathe power, unfitting armour, claws 1, stinger 2, agile 1, blink, magic
resistance 1, sense surroundings 1, regeneration 1, wild magic 1, cold-blooded,
AC +8
a: Breathe Dispelling Energy, Blink, Shadow Step, Shadow Form, Renounce Religion


You were in a volcano.
You worshipped Dithmenos.
Dithmenos was exalted by your worship.
You were hungry.

You visited 4 branches of the dungeon, and saw 22 of its levels.
You also visited: Ice Cave and Volcano.

You collected 2332 gold pieces.
You spent 135 gold pieces at shops.

Inventory:

Hand Weapons
 a - a +1 arbalest
 b - the +9 rapier of the Many Ships (weapon) {holy, rN+}
   (You found it on level 1 of the Lair of Beasts)

   It has been blessed by the Shining One to cause great damage to the undead
   and demons.
   It protects you from negative energy.
 M - a +2 short sword of electrocution
Missiles
 u - 17 bolts of frost
 F - 75 bolts
Armour
 k - a +1 cloak (worn)
 y - a +0 pair of gloves of archery (worn)
 I - the +0 pair of boots "Dodocuc" (worn) {rElec MR+ SInv}
   (You found it on level 6 of the Dungeon)

   It insulates you from electricity.
   It affects your resistance to hostile enchantments.
   It lets you see invisible.
 K - a +1 hat of cold resistance (worn)
Rods
 Y - a +0 rod of inaccuracy (10/10)
   (You found it on level 11 of the Dungeon)
Jewellery
 l - a ring of protection from cold (left hand)
 t - an uncursed ring of wizardry
 E - a +2 ring of protection (right hand)
 G - an amulet of faith (around neck)
 L - an uncursed ring of flight
 Q - an uncursed ring of resist corrosion
 W - an uncursed ring of protection from cold
Wands
 p - a wand of iceblast (6/15)
 C - a wand of slowing (10/48)
 D - a wand of confusion (11/48)
 R - a wand of digging (8/24)
 T - a wand of paralysis (0/24)
 U - a wand of iceblast (8/15)
 X - a wand of confusion (16/48)
Scrolls
 g - 5 scrolls of fear
 n - 2 scrolls of amnesia
 q - 3 scrolls of recharging
 s - 9 scrolls of remove curse
 v - 4 scrolls of teleportation
 x - 2 scrolls of magic mapping
 N - 2 scrolls of fog
 Z - a scroll of enchant weapon
Potions
 c - 7 potions of curing
 d - a potion of haste
 e - a potion of brilliance
 h - 3 potions of lignification
 j - a potion of mutation {unknown}
 m - 2 potions of ambrosia {unknown}
 r - 3 potions of flight {unknown}
 w - 4 potions of agility
 A - 2 potions of magic
 B - a potion of degeneration {unknown}
 O - 2 potions of might
 P - 2 potions of invisibility
 S - 2 potions of cancellation
Comestibles
 f - 17 bread rations
 o - 2 fruits
 H - 7 meat rations
 J - a beef jerky
 V - a royal jelly


   Skills:
 + Level 13.1 Fighting
 - Level 12.4 Short Blades
 - Level 3.5 Maces & Flails
   Level 1.0 Bows
 * Level 14.2 Crossbows
 + Level 10.1 Dodging
 + Level 5.6 Stealth
 * Level 5.2 Invocations
 - Level 2.1 Evocations


You had 13 spell levels left.
You didn't know any spells.

Dungeon Overview and Level Annotations

Branches:
Dungeon (15/15)            Temple (1/1) D:7            Lair (4/8) D:8
 Shoals (0/4) Lair:3          Orc (2/2) D:9             Elf (0/3) Orc:2
 Vaults (0/5) D:14
  Snake: Lair:3-6    Spider: Lair:3-6    Depths: D:15

Altars:
Ashenzari
Cheibriados
Dithmenos
Elyvilon
Fedhas
Gozag
Kikubaaqudgha
Makhleb
Nemelex Xobeh
Okawaru
Pakellas
Qazlal
Ru
Sif Muna
Trog
Vehumet
Xom
Yredelemnul
Zin
The Shining One
Beogh

Shops:
D:4 *   D:10 [   Orc:2 %*=[(


Innate Abilities, Weirdness & Mutations

You can breathe bolts of dispelling energy.
Your rich purple scales are hard (AC +8).
Your body does not fit into most forms of armour.
You are cold-blooded and may be slowed by cold attacks.
You have sharp fingernails.
Your tail ends in a sharp poisonous barb.
You are agile. (Dex +2)
You can translocate small distances at will.
You are resistant to hostile enchantments.
You passively map a small area around you.
Your natural rate of healing is unusually fast.
Your spells are a little harder to cast, but a little more powerful.


Message History

* * * LOW HITPOINT WARNING * * *
Drink which item? (? for menu, Esc to quit)
Okay, then.
Evoke which item? (* to show all) (? for menu, Esc to quit)
Zapping:
T - a wand of paralysis {zapped: 1} (will waste charges)
Press: ? - help, Shift-Dir - straight line, f - salamander
Aim: a salamander, wielding a trident (moderately wounded, poisoned, umbra, chance to defeat MR: 32%)
The salamander easily resists.
Evoking this partially-identified wand wasted a few charges.
The salamander barely misses you.
Evoke which item? (* to show all) (? for menu, Esc to quit)
Zapping:
T - a wand of paralysis {zapped: 4} (will waste charges)
Press: ? - help, Shift-Dir - straight line, f/p - salamander
Aim: a salamander, wielding a trident (moderately wounded, poisoned, umbra, chance to defeat MR: 32%)
The salamander easily resists.
Evoking this partially-identified wand wasted a few charges.
The salamander hits you with a trident!
* * * LOW HITPOINT WARNING * * *
You are engulfed in flames!
You die...

##...## , # #..8..#
.§≈§≈§§§≈≈≈≈≈≈ #9##.....#
.§§§≈§≈§≈≈≈≈≈≈ #?)8.....#
#..≈≈≈S§§≈≈≈§≈ #$!#..⌠..#
.§.§≈≈§§§≈§§§ #$[##..)##
#..§≈≈≈§§§≈§§ #+#####'##
###..§≈≈§§§≈§§
##...N#§(.###8..§.§§§§§≈≈≈
#.._..§§N@+.....§§≈§≈≈§§≈≈
##....#§).###8...§§≈≈§≈≈≈≈
##+####+## ####...§§≈≈≈≈.
*, ####§.....# , #.######
*, 8 , , ### , * *


You could see a salamander.

Vanquished Creatures
  Saint Roka (Orc:2)
  A frost giant (IceCv)
  Donald (Orc:2)
  An orc warlord (Orc:2)
  Nessos (Orc:2)
  An ettin (Orc:1)
  An ogre mage (D:14)
  3 hydras
  2 centaur warriors (D:13)
  A tengu warrior (D:13)
  2 orc high priests
  Sonja (Lair:2)
  A deep elf knight (D:14)
  A fire crab (shapeshifter) (D:15)
  A salamander mystic (Volcano)
  Nergalle (Lair:1)
  A skeletal warrior (D:14)
  4 unseen horrors
  4 hill giants
  Pikel (D:7)
  2 orc knights (Orc:2)
  5 deep elf magi
  8 ugly things
  2 salamanders (Volcano)
  2 orc sorcerers
  2 cyclopes
  An ice statue (IceCv)
  4 gargoyles
  Joseph (D:9)
  A spiny frog (Lair:1)
  3 centaur skeletons
  A rime drake (Lair:3)
  3 kobold demonologists (D:15)
  3 komodo dragons
  4 yaktaurs (D:14)
  An efreet (D:13)
  7 trolls
  A tengu conjurer (D:15)
  15 polar bears (IceCv)
  A harpy skeleton (D:14)
  A queen bee (shapeshifter) (D:13)
  4 blink frogs (Lair:2)
  6 two-headed ogres
  9 slime creatures
  A boulder beetle (D:15)
  A snapping turtle (Lair:3)
  2 shadows
  34 orc warriors
  A vampire (D:15)
  A spriggan (D:7)
  2 wyverns
  A wraith (D:15)
  26 yaks
  Grum (D:8)
  4 hungry ghosts
  A fire bat (Volcano)
  2 basilisks
  7 hippogriffs
  2 vampire mosquitoes (D:15)
  Menkaure (D:5)
  A mottled dragon (D:14)
  A soldier ant (D:15)
  9 wargs
  5 water moccasins
  4 porcupines
  13 ice beasts
  A wasp (D:12)
  6 sky beasts
  2 black bears (D:10)
  2 slaves (D:7)
  5 phantoms
  7 centaurs
  16 ogres
  20 wolves
  A centaur (shapeshifter) (D:15)
  8 crocodiles
  3 big kobolds
  11 giant frogs
  A wyvern zombie (D:14)
  2 wyvern skeletons (D:14)
  5 scorpions
  15 killer bees
  6 electric eels
  3 wights (D:15)
  2 howler monkeys (D:4)
  15 jellies
  3 centaur zombies
  6 crimson imps
  2 lava snakes (Volcano)
  A quasit (D:12)
  3 hounds
  28 orc priests
  24 orc wizards
  Jessica (D:2)
  2 giant frog skeletons
  6 iguanas
  5 worker ants
  A killer bee zombie (D:7)
  4 sheep (D:15)
  A hound skeleton (D:6)
  Robin (D:3)
  A howler monkey zombie (D:8)
  2 worker ant zombies
  3 gnolls
  13 adders
  2 howler monkey skeletons
  15 river rats
  3 shadow imps
  9 oozes
  2 adder zombies
  3 worms
  3 adder skeletons
  5 dart slugs
  6 giant geckos
  114 orcs
  5 giant cockroaches
  13 goblins
  14 hobgoblins
  16 jackals
  3 quokkas
  5 bats
  7 giant newts
  2 jackal skeletons
  21 kobolds
  2 quokka skeletons
  A quokka zombie (D:6)
  10 rats
  A fungus (Lair:2)
737 creatures vanquished.

Vanquished Creatures (others)
  A centaur warrior (D:15)
  An orange crystal statue (D:4)
  2 slaves (D:7)
  2 orc wizards
  2 orcs
  5 fungi (Lair:2)
  A plant (Lair:3)
14 creatures vanquished.

Grand Total: 751 creatures vanquished

Notes
Turn   | Place    | Note
--------------------------------------------------------------
     0 | D:1      | namelastname112 the Draconian Wanderer began the quest for the Orb.
     0 | D:1      | namelastname112 set off with: a +2 hand crossbow, 24 bolts, a potion of curing, a +0 shortbow, 23 arrows, a bread ration
     0 | D:1      | Reached XP level 1. HP: 23/23 MP: 2/2
    94 | D:1      | Reached skill level 2 in Crossbows
   159 | D:1      | Reached XP level 2. HP: 25/29 MP: 3/3
   760 | D:1      | Reached skill level 1 in Dodging
   934 | D:1      | Reached XP level 3. HP: 30/37 MP: 4/4
  1000 | D:2      | Noticed Jessica
  1004 | D:2      | Killed Jessica
  1048 | D:2      | Reached skill level 3 in Crossbows
  1096 | D:2      | Reached XP level 4. HP: 30/44 MP: 5/5
  1285 | D:2      | Found a faded altar to an unknown god.
  1402 | D:2      | Found a bloodstained altar of Trog.
  1542 | D:2      | Found an iron altar of Okawaru.
  1927 | D:3      | Found a white marble altar of Elyvilon.
  1928 | D:3      | Noticed Robin
  2206 | D:3      | Killed Robin
  2307 | D:3      | Reached XP level 5. HP: 36/50 MP: 6/6
  2997 | D:3      | Reached skill level 4 in Crossbows
  3342 | D:4      | Reached XP level 6. HP: 53/58 MP: 7/7
  3386 | D:4      | Found Seoled's Assorted Antiques.
  3446 | D:4      | Reached skill level 1 in Maces & Flails
  4056 | D:4      | Reached skill level 5 in Crossbows
  4056 | D:4      | Your scales start taking on a rich purple colour.
  4056 | D:4      | Reached XP level 7. HP: 57/64 MP: 8/8
  4094 | D:4      | Found a shimmering altar of Xom.
  4235 | D:4      | Found a glowing golden altar of the Shining One.
  4330 | D:4      | Found a blossoming altar of Fedhas.
  4660 | D:4      | Found an oddly glowing altar of Pakellas.
  4660 | D:4      | Noticed an orange crystal statue
  4661 | D:4      | Noticed a troll
  4668 | D:4      | Killed an orange crystal statue
  4813 | D:5      | Entered Level 5 of the Dungeon
  5401 | D:5      | Noticed Menkaure
  5407 | D:5      | Killed Menkaure
  5407 | D:5      | Reached skill level 6 in Crossbows
  5407 | D:5      | Reached XP level 8. HP: 73/73 MP: 9/9
  6022 | D:6      | Reached skill level 1 in Short Blades
  6050 | D:6      | Got a pair of spiked boots
  6056 | D:6      | Identified the cursed +0 pair of boots "Dodocuc" {rElec MR+ SInv} (You found it on level 6 of the Dungeon)
  6326 | D:6      | Found an ancient bone altar of Kikubaaqudgha.
  6431 | D:6      | Found a burning altar of Makhleb.
  6596 | D:7      | Found a staircase to the Ecumenical Temple.
  6621 | Temple   | Entered the Ecumenical Temple
  6628 | Temple   | Became a worshipper of Dithmenos the Shadowed
  6691 | D:7      | Noticed Pikel
  6706 | D:7      | Killed Pikel
  6706 | D:7      | Reached skill level 7 in Crossbows
  6706 | D:7      | Reached XP level 9. HP: 44/81 MP: 10/10
  7111 | D:7      | Gained mutation: Your body sometimes deteriorates upon taking damage. [mutagenic meat]
  7112 | D:7      | Gained mutation: Your spells are a little harder to cast, but a little more powerful. [mutagenic meat]
  7113 | D:7      | Gained mutation: Your tail ends in a poisonous barb. [mutagenic meat]
  7114 | D:7      | Gained mutation: You occasionally shout uncontrollably at your foes. [mutagenic meat]
  7402 | D:7      | Reached skill level 5 in Short Blades
  7712 | D:7      | Found an iron altar of Okawaru.
  7804 | D:8      | Noticed Grum
  8034 | D:8      | Reached skill level 5 in Dodging
  8036 | D:8      | Noticed a troll
  8043 | D:8      | Reached skill level 8 in Crossbows
  8047 | D:8      | Reached * piety under Dithmenos
  8269 | D:7      | Killed a troll
  8548 | D:8      | Killed Grum
  8548 | D:8      | Reached XP level 10. HP: 62/90 MP: 11/11
  8650 | D:8      | Found a staircase to the Lair.
  8973 | D:8      | Reached ** piety under Dithmenos
  9044 | D:8      | Found a shattered altar of Ashenzari.
  9106 | D:8      | Found a shimmering altar of Xom.
  9108 | D:8      | Found a shimmering altar of Xom.
  9110 | D:8      | Found a shimmering altar of Xom.
  9110 | D:8      | Found a shimmering altar of Xom.
  9242 | D:8      | Found an opulent altar of Gozag.
  9244 | D:8      | Found a snail-covered altar of Cheibriados.
  9481 | D:9      | Found a staircase to the Orcish Mines.
  9489 | D:9      | Found an opulent altar of Gozag.
  9637 | D:9      | Noticed Joseph
  9646 | D:9      | Killed Joseph
  9646 | D:9      | Reached skill level 9 in Crossbows
 10031 | D:9      | Noticed a cyan ugly thing
 10056 | D:9      | Killed a cyan ugly thing
 10061 | D:9      | Gained mutation: Your tail ends in a sharp poisonous barb. [mutagenic meat]
 10408 | D:10     | Entered Level 10 of the Dungeon
 10599 | D:10     | Found Ypimiuf's Antique Armour Shop.
 10604 | D:10     | Gained mutation: Your natural rate of healing is unusually fast. [mutagenic meat]
 10606 | D:10     | Gained mutation: You are robust (+10% HP). [mutagenic meat]
 10607 | D:10     | Lost mutation: You are robust (+10% HP). [mutagenic meat]
 10608 | D:10     | Gained mutation: You possess an exceptional clarity of mind. [mutagenic meat]
 10617 | D:10     | Bought a pair of runed gloves for 135 gold pieces
 10920 | D:10     | Noticed a hill giant
 10926 | D:10     | Killed a hill giant
 10926 | D:10     | Reached XP level 11. HP: 67/97 MP: 12/12
 11236 | D:11     | Reached *** piety under Dithmenos
 11527 | D:11     | Noticed a hill giant
 11535 | D:11     | Killed a hill giant
 11535 | D:11     | Reached skill level 10 in Crossbows
 11536 | D:11     | Noticed a hill giant
 11539 | D:11     | Killed a hill giant
 11718 | D:11     | Identified a +0 rod of inaccuracy (10/10) (You found it on level 11 of the Dungeon)
 12336 | D:12     | Reached skill level 10 in Fighting
 12353 | D:12     | Reached **** piety under Dithmenos
 12738 | D:12     | Noticed a green ugly thing
 12745 | D:12     | Killed a green ugly thing
 12750 | D:12     | Gained mutation: You are frail (-10% HP). [mutagenic meat]
 13185 | D:13     | Noticed a centaur warrior
 13197 | D:13     | Killed a centaur warrior
 13197 | D:13     | Reached skill level 10 in Short Blades
 13520 | D:13     | Noticed a tengu warrior
 13525 | D:13     | Reached XP level 12. HP: 96/96 MP: 13/13
 13534 | D:13     | Killed a tengu warrior
 13534 | D:13     | Reached skill level 11 in Crossbows
 13687 | D:13     | Reached ***** piety under Dithmenos
 13692 | D:13     | Lost mutation: You are frail (-10% HP). [mutagenic meat]
 13695 | D:13     | Lost mutation: You possess an exceptional clarity of mind. [mutagenic meat]
 13696 | D:13     | Lost mutation: You occasionally shout uncontrollably at your foes. [mutagenic meat]
 13887 | D:13     | Gained mutation: You have sharp fingernails. [mutagenic meat]
 13888 | D:13     | Gained mutation: You are agile. (Dex +2) [mutagenic meat]
 13889 | D:13     | Lost mutation: Your body sometimes deteriorates upon taking damage. [mutagenic meat]
 13890 | D:13     | Gained mutation: You can translocate small distances at will. [mutagenic meat]
 14124 | D:13     | Noticed a centaur warrior
 14135 | D:13     | Killed a centaur warrior
 14765 | D:14     | epen: молодой человек
 14929 | D:13     | epen: молодой человек
 15067 | D:14     | namelastname112: че
 15080 | D:14     | Noticed an ogre mage
 15098 | D:14     | Killed an ogre mage
 15098 | D:14     | Reached skill level 12 in Crossbows
 15258 | D:14     | Found a gate to the Vaults.
 15326 | D:14     | Noticed a five-headed hydra
 15331 | D:14     | Killed a five-headed hydra
 15481 | D:14     | Reached XP level 13. HP: 116/116 MP: 14/14
 15888 | D:15     | Entered Level 15 of the Dungeon
 17219 | D:15     | Noticed a ghost moth
 17788 | Orc:1    | Entered Level 1 of the Orcish Mines
 17988 | Orc:2    | Entered Level 2 of the Orcish Mines
 17988 | Orc:2    | Noticed Nessos
 17996 | Orc:2    | Killed Nessos
 17996 | Orc:2    | Reached skill level 13 in Crossbows
 18008 | Orc:2    | Found Qubb's General Store.
 18019 | Orc:2    | Found a frozen archway.
 18030 | IceCv    | Entered an ice cave
 18045 | IceCv    | Reached skill level 1 in Stealth
 18061 | IceCv    | Reached ****** piety under Dithmenos
 18453 | IceCv    | Noticed a frost giant
 18471 | IceCv    | Killed a frost giant
 18707 | IceCv    | Got a warped halberd
 18708 | IceCv    | Identified the +5 halberd of Sunlight {chop, rC+ Stlth+} (You found it in an ice cave)
 18809 | IceCv    | Reached XP level 14. HP: 126/126 MP: 15/15
 19100 | Orc:2    | Noticed Donald
 19157 | Orc:2    | Killed Donald
 19273 | Orc:2    | Gained mutation: You are resistant to hostile enchantments. [potion of beneficial mutation]
 19274 | Orc:2    | Gained mutation: You passively map a small area around you. [potion of beneficial mutation]
 19301 | Orc:2    | Found a roughly hewn altar of Beogh.
 19338 | Orc:2    | Noticed an orc warlord
 19386 | Orc:2    | Killed an orc warlord
 20151 | Orc:2    | Noticed Saint Roka
 20250 | Orc:2    | Killed Saint Roka
 20314 | Orc:2    | Found Yvyo's Antique Weapon Boutique.
 20321 | Orc:2    | Found a roughly hewn altar of Beogh.
 20327 | Orc:2    | Found Liofuzes's Antique Armour Shop.
 20462 | Orc:2    | Found a roughly hewn altar of Beogh.
 20471 | Orc:2    | Found Sostayqu's Jewellery Shoppe.
 20650 | Orc:2    | Found a staircase to the Elven Halls.
 20752 | Orc:2    | Found a roughly hewn altar of Beogh.
 20788 | Orc:2    | Found Oceruibue's Food Emporium.
 21547 | Orc:1    | Reached skill level 14 in Crossbows
 21762 | Lair:1   | Entered Level 1 of the Lair of Beasts
 21990 | Lair:1   | Noticed Nergalle
 21997 | Lair:1   | Killed Nergalle
 22254 | Lair:1   | Got a bloodstained quarterstaff
 22255 | Lair:1   | Identified the +10 quarterstaff of Paper {freeze, rElec rN+ Str+4} (You found it on level 1 of the Lair of Beasts)
 22422 | Lair:1   | Got a blackened rapier
 22423 | Lair:1   | Identified the +9 rapier of the Many Ships {holy, rN+} (You found it on level 1 of the Lair of Beasts)
 22592 | Lair:2   | Reached skill level 5 in Stealth
 22596 | Lair:2   | Reached skill level 10 in Dodging
 22744 | Lair:2   | Found a snail-covered altar of Cheibriados.
 22824 | Lair:2   | Noticed Sonja
 22827 | Lair:2   | Killed Sonja
 23768 | Lair:3   | Reached skill level 5 in Invocations
 23971 | Lair:3   | Found a staircase to the Shoals.
 24137 | Lair:4   | Found a dark tunnel.
 24141 | Volcano  | Entered a volcano
 24318 | Volcano  | Found a radiant altar of Vehumet.
 24349 | Volcano  | HP: 6/129 [salamander/trident (12)]
 24349 | Volcano  | Mangled by a salamander

Vault maps used:
D:1:      onia_arrival_pentagram, minmay_bisected
D:2:      okawaru_altar_gauntlet_db, lemuel_coloured_pillars_altar,
          ecumenical_altar_1, uniq_jessica
D:3:      lemuel_crystal_altar, first_bread, uniq_robin
D:4:      wad_lake_hut, gammafunk_pakellas_statue_experiment,
          kennysheep_little_box, fedhas_altar_1, serial_shops,
          nicolae_shop_behind_doors, kennysheep_diamond
D:5:      lemuel_ice_spiral_2, uniq_menkaure
D:6:      lemuel_doored_altar, lemuel_round_altar, serial_park_tiny_2,
          serial_bayou_pond_d
D:7:      temple_fountains, basic_altar, the_bakery, grunt_ministairs_3,
          hangedman_decor_lopped, uniq_joseph, uniq_pikel
D:8:      xom_redecorated, minitemple, overflow_temple_1_default,
          erik_lair_orcish_takeover, hangedman_decor_growths, kennysheep_potato,
          uniq_grum
D:9:      orc_0_dummy, nicolae_gozag_seed_capital
D:10:     serial_shops, nicolae_shop_behind_doors
D:11:     grunt_decor_one_mirror
D:14:     hangedman_vaults_entry_quadrant_bands, minmay_misc_feat_x
D:15:     gammafunk_enter_depths_forms, minmay_misc_feat_plants, nicolae_wwwww
Temple:   nicolae_temple_no_exploring_needed
Lair:1:   grunt_forest_small_clearing_treed, uniq_nergalle
Lair:2:   lemuel_slime, basic_altar, grunt_megastairs_1, uniq_sonja
Lair:3:   minmay_shoals_entry_hut, bh_autumn_forest_stairs
Lair:4:   nicolae_volcano_entry_lava_flow, lemuel_fruit_fields
Orc:2:    grunt_orc_community_town_hall, grunt_orc_community_big_house_2,
          grunt_orc_community_big_house_2, grunt_orc_community_house_1,
          grunt_orc_community_house_2, grunt_orc_community_house_1,
          grunt_orc_community_house_3, grunt_orc_community_house_1,
          portal_ice_cave_entry_ice_beasts, serial_shops, shop, uniq_nessos,
          uniq_donald
IceCv:    ice_cave_small_giant
Volcano:  volcano_grotto

Skill      XL: |  1  2  3  4  5  6  7  8  9 10 11 12 13 14 |
---------------+-------------------------------------------+-----
Crossbows      | 2 3 4 5 6 7 8 9 10 12 13 14 | 14.2
Dodging        | 1 2 3 4 5 6 7 8 9 10 | 10.1
Fighting       | 6 7 8 9 10 11 12 13 | 13.1
Maces & Flails | 2 3 |  3.5
Short Blades   | 3 6 8 10 11 12 | 12.4
Stealth        | 2 5 |  5.6
Invocations    | 5 |  5.2
Bows           | |  1.0
Evocations     | |  2.1

Action                   |  1- 3 |  4- 6 |  7- 9 | 10-12 | 13-15 || total
-------------------------+-------+-------+-------+-------+-------++-------
Melee: Short sword       |    71 |   111 |   287 |   723 |   609 ||  1801
       Mace              |     2 |       |       |       |       ||     2
       Dagger            |       |   160 |   153 |       |       ||   313
       Hand crossbow     |       |       |     1 |       |       ||     1
       Rapier            |       |       |       |       |   260 ||   260
 Fire: Hand crossbow     |    14 |    49 |    45 |   174 |     1 ||   283
       Arbalest          |       |       |       |    42 |   358 ||   400
Invok: Shadow Step       |       |       |       |       |     1 ||     1
 Abil: Breathe Dispellin |       |       |     3 |     4 |       ||     7
       Blink             |       |       |       |       |     7 ||     7
Evoke: Wand              |       |       |     3 |     4 |     5 ||    12
  Use: Potion            |       |     2 |       |       |    12 ||    14
       Scroll            |       |       |    15 |     8 |    12 ||    35
 Stab: Sleeping          |       |     3 |     1 |     3 |    18 ||    25
       Distracted        |       |       |     2 |     1 |     4 ||     7
       Confused          |       |       |     1 |       |       ||     1
       Invisible         |       |       |       |       |     3 ||     3
  Eat: Chunk             |       |     9 |    13 |    41 |    23 ||    86
       Fruit             |       |     2 |       |       |     3 ||     5
       Pizza             |       |       |     1 |     2 |       ||     3
       Bread ration      |       |       |     1 |       |       ||     1
       Beef jerky        |       |       |       |       |     2 ||     2
